 Dungeon Crawl Stone Soup version 0.27.0-1-g7a089689b8 (webtiles) character file.

Game seed: 7351099759056710841

92 HungrySpirit the Vexing (level 4, -3/33 HPs)
             Began as a Human Arcane Marksman on July 31, 2021.
             Was a Follower of Kikubaaqudgha.
             Slain by a gnoll (4 damage)
             ... on level 2 of the Dungeon.
             The game lasted 00:04:53 (3307 turns).

HungrySpirit the Vexing (Human Arcane Marksman)     Turns: 3307, Time: 00:04:55

Health: -3/33      AC:  6    Str: 11    XL:     4   Next: 90%
Magic:  5/5        EV: 10    Int: 14    God:    Kikubaaqudgha [*.....]
Gold:   90         SH:  0    Dex: 13    Spells: 4/5 levels left

rFire    + . .     SeeInvis .   k - +0 hand axe
rCold    x . .     Faith    .   (no shield)
rNeg     . . .     Spirit   .   f - +0 ring mail
rPois    .         Reflect  .   (no helmet)
rElec    .         Harm     .   (no cloak)
rCorr    .         Rampage  .   h - +0 pair of gloves
Will     .....                  (no boots)
Stlth    +.........             (no amulet)
HPRegen  0.11/turn              m - ring of fire
MPRegen  0.09/turn              (no ring)

@: hasted, very quick
A: no striking features
a: Renounce Religion, Receive Corpses


You were on level 2 of the Dungeon.
You worshipped Kikubaaqudgha.
Kikubaaqudgha was aware of your devotion.
You visited 1 branch of the dungeon, and saw 3 of its levels.

You collected 90 gold pieces.

Inventory:

Hand Weapons
 a - a +0 shortbow
 k - a +0 hand axe (weapon)
Missiles
 b - 14 bolts
 c - 46 arrows
Armour
 f - a +0 ring mail (worn)
 h - a +0 pair of gloves (worn)
Jewellery
 m - a ring of fire (left hand)
 n - a ring of poison resistance
Scrolls
 d - 2 scrolls of enchant armour {unknown}
 e - a scroll of acquirement {unknown}
 g - a scroll of identify {unknown}
 i - a scroll of noise {unknown}
 j - a scroll of fog {unknown}
 p - a scroll of immolation {unknown}


   Skills:
 + Level 2.2 Fighting
 * Level 2.0(2.1) Axes
 - Level 0.9(1.5) Polearms
 - Level 2.8 Bows
 + Level 1.2 Armour
 - Level 2.0 Dodging
 - Level 1.0 Spellcasting
 - Level 3.0 Hexes


You had 4 spell levels left.
You knew the following spells:

 Your Spells              Type           Power      Damage    Failure   Level
a - Corona                Hex            10%        N/A       19%         1

Your spell library contained the following spells:

 Spells                   Type           Power      Damage    Failure   Level
 Slow                     Hex            9%         N/A       26%         2
 Pain                     Necr           0%         1d4       52%         1
 Corpse Rot               Necr/Air       N/A        N/A       67%         2
 Sublimation of Blood     Necr           0%         N/A       67%         2
 Inner Flame              Hex/Fire       7%         N/A       69%         3
 Portal Projectile        Hex/Tloc       8%         N/A       69%         3
 Cause Fear               Hex            4%         N/A       87%         4
 Ozocubu's Armour         Ice            0%         N/A       88%         3
 Vampiric Draining        Necr           0%         2d6       88%         3
 Metabolic Englaciation   Hex/Ice        2%         N/A       100%        5
 Simulacrum               Ice/Necr       0%         N/A       100%        6


Dungeon Overview and Level Annotations

Branches:
Dungeon (3/15)

Altars:
Kikubaaqudgha

Shops:
D:3 :


Message History

a +0 flail; a gnoll skeleton The gnoll barely misses you.
There is a stone staircase leading up here.
You climb upwards.
There is a stone staircase leading down here.
There is an open door here.
The gnoll hits you with a +0 flail.
* * * LOW HITPOINT WARNING * * *
You open the door. The gnoll barely misses you.
There is an open door here.
There is an open door here.
It was a potion of haste.
You feel yourself speed up.
You hit the gnoll.
The gnoll is moderately wounded.
The gnoll barely misses you.
You hit the gnoll.
The gnoll is severely wounded.
The gnoll hits you with a +0 flail.
* * * LOW HITPOINT WARNING * * *
You hit the gnoll but do no damage.
The gnoll is severely wounded.
The gnoll misses you.
You hit the gnoll but do no damage.
The gnoll is severely wounded.
The gnoll barely misses you.
You hit the gnoll.
The gnoll is almost dead.
You closely miss the gnoll.
The gnoll is almost dead.
The gnoll hits you with a +0 flail.
* * * LOW HITPOINT WARNING * * *
You closely miss the gnoll.
The gnoll is almost dead.
The gnoll hits you with a +0 flail.
* * * LOW HITPOINT WARNING * * *
You completely miss the gnoll.
The gnoll is almost dead.
The gnoll hits you with a +0 flail.
You die...
Kikubaaqudgha rasps: "You have failed me!
Welcome... death!"

##.## #....## ##..>..##
##. .<.# #...## ##...##
##.# ##.# ##.## ##'##
##.## #.# #.# ######.###
#.## #.# #.# #........#
##.## #.# #.# #.####.#.#
##.# ##.# #.# #.###....#
##. ...#
#.#######.##..)..######.
####
#......@g.###...........
########.......#.#######
##.######.# #........#
##########


You could see a gnoll.

Vanquished Creatures
  3 gnolls
  3 dart slugs
  8 bats
  4 endoplasms
  A giant cockroach (D:2)
  9 goblins
  3 hobgoblins
  9 jackals
  3 ball pythons (D:2)
  3 frilled lizards
  2 kobolds (D:3)
  5 rats
53 creatures vanquished.

Notes
Turn   | Place    | Note
-------+----------+-------------------------------------------
     0 | D:1      | HungrySpirit the Human Arcane Marksman began the quest for
                  | the Orb.
     0 | D:1      | Reached XP level 1. HP: 15/15 MP: 2/2
   135 | D:1      | Reached XP level 2. HP: 9/21 MP: 3/3
  1149 | D:2      | Reached XP level 3. HP: 25/26 MP: 4/4
  2144 | D:2      | Found a faded altar of an unknown god.
  2254 | D:2      | Reached skill level 1 in Axes
  2350 | D:2      | Became a worshipper of Kikubaaqudgha
  2350 | D:2      | Reached * piety under Kikubaaqudgha
  2350 | D:2      | Received a gift from Kikubaaqudgha
  2375 | D:3      | Reached XP level 4. HP: 20/33 MP: 5/5
  2688 | D:3      | Found Fatseilo's Book Shop.
  2726 | D:2      | Reached skill level 1 in Armour
  3306 | D:2      | HP: 1/33 [gnoll (5)]
  3307 | D:2      | Slain by a gnoll

Illustrated notes

Levels and vault maps discovered:
D:1:      amcnicky_arrival_underground_garden, layout_basic
D:2:      layout_loops_corners, basic_ecumenical_altar, minmay_nonomino_d4
D:3:      layout_rooms, serial_shops, shop

Skill      XL: |  1  2  3  4 |
---------------+-------------+-----
Axes           | 1 2 |  2.0
Fighting       | 2 |  2.2
Armour         | 1 |  1.2
Polearms       | |  0.9
Bows           | |  2.8
Dodging        | |  2.0
Spellcasting   | |  1.0
Hexes          | |  3.0

Action                   |  1- 3 |  4- 6 || total
-------------------------+-------+-------++-------
Melee: Unarmed           |    15 |       ||    15
       Spear             |    50 |       ||    50
       Hand axe          |    68 |    65 ||   133
 Fire: Shortbow          |    38 |       ||    38
Throw: Dart              |       |     6 ||     6
  Use: Potion            |       |     1 ||     1
Armor: Leather armour    |    11 |       ||    11
       Ring mail         |    59 |    18 ||    77
Dodge: Dodged            |    92 |    38 ||   130
